 Dungeon Crawl Stone Soup version 0.27-a0-1193-g8631133539 (webtiles) character file.

Game seed: 1414988665185616018

52 leviel the Skirmisher (level 3, -3/33 HPs)
             Began as a Hill Orc Fighter on May 26, 2021.
             Frozen to death by an endoplasm (5 damage)
             ... on level 2 of the Dungeon.
             The game lasted 00:02:18 (988 turns).

leviel the Skirmisher (Hill Orc Fighter)             Turns: 988, Time: 00:02:18

Health: -3/33      AC:  8    Str: 19    XL:     3   Next: 85%
Magic:  3/3        EV:  7    Int:  8    God:
Gold:   79         SH:  9    Dex: 10    Spells: 2/2 levels left

rFire    . . .     SeeInvis .   a - +0 war axe
rCold    . . .     Faith    .   c - +0 kite shield
rNeg     . . .     Spirit   .   b - +0 scale mail
rPois    +         Reflect  .   (no helmet)
rElec    .         Harm     .   (no cloak)
rCorr    .         Rampage  .   (no gloves)
Will     .....                  i - +0 pair of boots
Stlth    ..........             (no amulet)
HPRegen  0.11/turn              h - ring of poison resistance
MPRegen  0.08/turn              (no ring)

@: flying
A: no striking features
a: no special abilities


You were on level 2 of the Dungeon.
You visited 1 branch of the dungeon, and saw 2 of its levels.

You collected 79 gold pieces.

Inventory:

Hand Weapons
 a - a +0 war axe (weapon)
Armour
 b - a +0 scale mail (worn)
 c - a +0 kite shield (worn)
 i - a +0 pair of boots (worn)
Jewellery
 g - a +6 ring of intelligence
 h - a ring of poison resistance (left hand)
Scrolls
 f - a scroll of identify {unknown}
 j - a scroll of magic mapping {unknown}
Potions
 d - a potion of might


   Skills:
 + Level 4.2 Fighting
 * Level 3.7 Axes
 + Level 3.7 Armour
 + Level 3.7 Shields


You had 2 spell levels left.
You didn't know any spells.
Your spell library contained the following spells:

 Spells                   Type           Power      Damage    Failure   Level
 Corona                   Hex            0%         N/A       99%         1
 Ensorcelled Hibernation  Hex/Ice        0%         N/A       100%        2
 Confusing Touch          Hex            0%         N/A       100%        3
 Dazzling Flash           Conj/Hex       0%         N/A       100%        3
 Tukima's Dance           Hex            0%         N/A       100%        3


Dungeon Overview and Level Annotations

Branches:
Dungeon (2/15)

Altars:

Shops:
D:2 [

Annotations:
D:2 Robin


Message History

You kill the hobgoblin!
You slash the goblin!
You kill the goblin!
The rat barely misses you.
Items here: )))) ††.
You hit the rat.
You kill the rat!
You hit the hobgoblin.
The hobgoblin is severely wounded.
You block the hobgoblin's attack. Robin throws the goblin at you!
The hobgoblin hits you. The goblin barely misses you.
You closely miss the hobgoblin.
The hobgoblin is severely wounded.
You closely miss the goblin. You block the hobgoblin's attack.
The goblin hits you with a +0 club. Robin throws the goblin at you!
The hobgoblin hits you but does no damage.
You slash the hobgoblin!
You kill the hobgoblin!
You barely miss the goblin. x2; The goblin hits you with a +0 club.
* * * LOW HITPOINT WARNING * * *
The goblin hits you but does no damage. You block the goblin's attack.
The goblin hits you with a +0 club.
* * * LOW HITPOINT WARNING * * *
You completely miss the hobgoblin. You hit the goblin.
You kill the goblin!
You hit the goblin.
You kill the goblin!
The hobgoblin barely misses you. You block the hobgoblin's attack.
It was a potion of flight.
You feel very buoyant.
You fly up into the air.
You block the hobgoblin's attack.
You slash the hobgoblin!
You kill the hobgoblin!
You barely miss the endoplasm. The endoplasm barely misses you.
You block the endoplasm's attack.
You hit the endoplasm.
The endoplasm is heavily wounded.
The endoplasm freezes you.
You are frozen.
You die...

#)# ####.# #....#
#.#### # #.# ##.
#.# ##... #.####
#..(..#####
#....#
......gJ@)#
####.#
......###)# #.#
##... #.# ### #.#
##. #.###.###.# #
#.##...##.#
.#####.........#
...............##
#.#######.....##
##...##


You could see Robin and an endoplasm.

Vanquished Creatures
  2 dart slugs (D:1)
  An endoplasm (D:1)
  A giant cockroach (D:2)
  11 goblins
  9 hobgoblins
  4 kobolds
  A quokka (D:1)
  4 ball pythons (D:1)
  A bat (D:1)
  5 frilled lizards (D:1)
  5 rats
44 creatures vanquished.

Notes
Turn   | Place    | Note
-------+----------+-------------------------------------------
     0 | D:1      | leviel the Hill Orc Fighter began the quest for the Orb.
     0 | D:1      | Reached XP level 1. HP: 19/19 MP: 1/1
     3 | D:1      | Noticed an electric eel
     4 | D:1      | Noticed an electric eel
    72 | D:1      | Found a faded altar of an unknown god.
   139 | D:1      | Reached XP level 2. HP: 27/27 MP: 2/2
   576 | D:1      | Reached skill level 4 in Fighting
   576 | D:1      | Reached XP level 3. HP: 33/33 MP: 3/3
   880 | D:2      | Found Jusonorch's Antique Armour Emporium.
   962 | D:2      | Noticed Robin
   983 | D:2      | HP: 1/33 [goblin/+0 club[Robin] (4)]
   988 | D:2      | Frozen to death by an endoplasm

Illustrated notes

Levels and vault maps discovered:
D:1:      arrival_aquarium_b, layout_basic, chequers_ecumenical_altar_island
D:2:      layout_loops_ring, serial_shops, nicolae_shop_overgrown_old_shop,
          dk_noncrumbling_2, uniq_robin

Skill      XL: |  1  2 |
---------------+-------+-----
Axes           | 3 |  3.7
Fighting       | 4 |  4.2
Armour         | |  3.7
Shields        | |  3.7

Action                   || total
-------------------------++-------
Melee: War axe           ||   108
  Use: Potion            ||     1
Armor: Scale mail        ||    57
Dodge: Dodged            ||    31
Block: Kite shield       ||    79

Table legend: (Time is in decaauts)
 A = Elapsed time spent in this place.
 B = Non-inter-level travel time spent in this place.
 C = Inter-level travel time spent in this place.
 D = Time resting spent in this place.
 E = Time spent auto-exploring this place.
 F = Levels seen in this place.
 G = Mean time per level.
                   A        B        C        D        E       F      G
               +--------+--------+--------+--------+--------+-----+--------+
         Total |   1047 |   1019 |     28 |      0 |    736 |   2 |  523.5 |
       Dungeon |   1047 |   1019 |     28 |      0 |    736 |   2 |  523.5 |
               +--------+--------+--------+--------+--------+-----+--------+

Top non-repeatable levels by time:
     D:1: 873 daAuts
     D:2: 174 daAuts
